 Dungeon Crawl Stone Soup version 0.27-a0-72-g3544c24705 (webtiles) character file.

Game seed: 1015950927361793851

2676 mkm the Geomancer (level 9, -16/45 HPs)
             Began as a Gargoyle Earth Elementalist on Jan 8, 2021.
             Was an Initiate of Vehumet.
             Demolished by a two-headed ogre
             ... wielding a +0 giant club
              (26 damage)
             ... on level 8 of the Dungeon on Feb 9, 2022.
             The game lasted 00:37:31 (11443 turns).

mkm the Geomancer (Gargoyle Earth Elementalist)    Turns: 11443, Time: 00:37:31

Health: -16/45     AC: 15    Str: 11    XL:     9   Next: 64%
Magic:  18/18      EV: 12    Int: 20    God:    Vehumet [......]
Gold:   309        SH:  0    Dex: 10    Spells: 11/20 levels left

rFire    + . .     SeeInvis .   u - +0 whip (elec)
rCold    + . .     Faith    .   (no shield)
rNeg     + . .     Spirit   .   B - +2 robe {rC+}
rPois    ∞         Reflect  .   m - +2 helmet
rElec    +         Harm     .   (no cloak)
rCorr    .         Rampage  .   t - +0 pair of gloves
Will     +....                  A - +0 pair of boots
Stlth    ++........             r - amulet of regeneration
HPRegen  0.55/turn              d - ring of willpower
MPRegen  0.16/turn              x - ring of protection from fire

@: no status effects
A: negative energy resistance 1, electricity resistance, unbreathing,
petrification resistance, miasma immunity, AC +6
a: Renounce Religion


You were on level 8 of the Dungeon.
You worshipped Vehumet.
Vehumet was noncommittal.
You visited 2 branches of the dungeon, and saw 9 of its levels.
You also visited: Ossuary.

You collected 416 gold pieces.
You spent 107 gold pieces at shops.

Inventory:

Hand Weapons
 f - a +3 short sword
 u - a +0 whip of electrocution (weapon)
Missiles
 b - 249 stones
Armour
 m - a +2 helmet (worn)
 t - a +0 pair of gloves (worn)
 A - a +0 pair of boots (worn)
 B - a +2 robe of cold resistance (worn)
 G - a +2 robe of willpower
Jewellery
 c - a +6 ring of strength {unknown}
 d - a ring of willpower (left hand)
 h - an uncursed amulet of reflection
 r - an amulet of regeneration (around neck)
 x - a ring of protection from fire (right hand)
Scrolls
 a - 8 scrolls of teleportation
 k - 3 scrolls of blinking
 l - 2 scrolls of remove curse
 s - a scroll of amnesia {unknown}
 w - 2 scrolls of fog {unknown}
 y - 3 scrolls of enchant armour {unknown}
 z - a scroll of fear {unknown}
 C - a scroll of vulnerability {unknown}
 D - 2 scrolls of identify
 F - a scroll of noise {unknown}
Potions
 e - 2 potions of haste {unknown}
 g - 2 potions of brilliance
 i - a potion of curing {unknown}
 j - 2 potions of degeneration
 n - 2 potions of mutation
 o - 2 potions of ambrosia {unknown}
 p - 2 potions of attraction {unknown}
 q - 3 potions of magic
 v - 3 potions of cancellation
 E - a potion of might


   Skills:
 - Level 1.5 Dodging
 - Level 2.1 Stealth
 + Level 6.2 Spellcasting
 + Level 6.4 Conjurations
 + Level 5.4 Transmutations
 + Level 8.7 Earth Magic


You had 11 spell levels left.
You knew the following spells:

 Your Spells              Type           Power        Failure   Level
a - Sandblast             Erth           82%          1%          1
b - Stone Arrow           Conj/Erth      72%          1%          3
c - Lee's Rapid Deconstr  Erth           20%          8%          5

Your spell library contained the following spells:

 Spells                   Type           Power        Failure   Level
 Passwall                 Tmut/Erth      28%          1%          2
 Petrify                  Tmut/Erth      34%          5%          4
 Freeze                   Ice            24%          11%         1
 Hailstorm                Conj/Ice       19%          26%         4
 Frozen Ramparts          Ice            12%          30%         3
 Ozocubu's Armour         Ice            6%           30%         3
 Summon Ice Beast         Ice/Summ       6%           71%         4


Dungeon Overview and Level Annotations

Branches:
Dungeon (8/15)             Temple (1/1) D:7         Ossuary (visited)
   Lair: D:8-11

Altars:
Ashenzari
Cheibriados
Dithmenos
Elyvilon
Fedhas
Gozag
Hepliaklqana
Kikubaaqudgha
Makhleb
Okawaru
Qazlal
Ru
Trog
Uskayaw
Vehumet
Wu Jian
Yredelemnul
Zin

Shops:
D:6 ([=


Innate Abilities, Weirdness & Mutations

You are resistant to torment.
Your stone body is resilient. (AC +6)
You are immune to poison.
You resist negative energy. (rN+)
You are resistant to electric shocks. (rElec)
You can survive without breathing.
You are immune to petrification.
You are immune to miasma.


Message History

The necrophage hits you but does no damage.
You hit the two-headed ogre.
The two-headed ogre is lightly wounded.
The necrophage closely misses you.
The two-headed ogre hits you with a +0 giant club!
The two-headed ogre hits you with a cursed -3 giant club!
* * * LOW HITPOINT WARNING * * *
The necrophage hits you.
* * * LOW HITPOINT WARNING * * *
You hit the two-headed ogre.
The two-headed ogre is lightly wounded.
The two-headed ogre hits you with a +0 giant club.
* * * LOW HITPOINT WARNING * * *
The two-headed ogre barely misses you. The necrophage misses you.
You hit the two-headed ogre.
Lightning courses through the two-headed ogre!
The two-headed ogre is moderately wounded.
The two-headed ogre hits you with a +0 giant club!!
Ouch! That really hurt!
You die...

#. #.#.##.# ###.
......# ..#. #.##.##
#.#.## ##.....#
#.#..# #...#..#
#.##.###..##..#
#..###.#...........#
............##.On..#
...##..#..#.....@..#
#..#..#..##.#..#
#..#..#.....(..#
...#..#...#....#
###....#.#.###..#
....##.#......#
.....#.#.###.##
#.#.# .# ..#.#


You could see a two-headed ogre and a necrophage.

Vanquished Creatures
  Grinder (D:2)
  3 ice beasts (D:5)
  2 sky beasts
  An orc warrior (D:8)
  4 ogres
  2 bullfrogs
  A water moccasin skeleton (D:6)
  5 water moccasin zombies (Ossuary)
  A scorpion (D:6)
  2 howler monkeys
  A quasit (D:7)
  3 hounds
  2 bullfrog skeletons
  5 orc priests
  7 orc wizards
  2 iguanas
  Natasha (thrice) (D:3)
  3 big kobold zombies (Ossuary)
  A hound zombie (D:3)
  A hound skeleton (D:8)
  A howler monkey zombie (D:6)
  3 mummies
  4 gnolls (D:5)
  6 adders
  2 ufetubi
  2 adder zombies (Ossuary)
  2 adder skeletons
  4 worms
  3 dart slugs
  7 leopard geckos
  24 orcs
  3 ball pythons
  3 bats
  3 giant cockroaches
  6 hobgoblins
  9 jackals
  9 kobolds
  3 quokkas
  7 frilled lizards
  4 gnoll zombies (Ossuary)
  7 goblins
  6 hobgoblin zombies (Ossuary)
  A jackal zombie (D:4)
  A kobold zombie (Ossuary)
  4 leopard gecko skeletons
  3 orc zombies (Ossuary)
  A quokka zombie (D:6)
  4 rats
182 creatures vanquished.

Vanquished Creatures (others)
  8 withered plants (D:3)
8 creatures vanquished.

Grand Total: 190 creatures vanquished

Notes
Turn   | Place    | Note
-------+----------+-------------------------------------------
     0 | D:1      | mkm the Gargoyle Earth Elementalist began the quest for the
                  | Orb.
     0 | D:1      | Reached XP level 1. HP: 10/10 MP: 3/3
   104 | D:1      | Reached skill level 1 in Transmutations
   145 | D:1      | Reached XP level 2. HP: 15/15 MP: 1/5
   243 | D:1      | Reached skill level 4 in Earth Magic
   680 | D:1      | Reached XP level 3. HP: 19/19 MP: 2/6
  1327 | D:2      | Learned a level 3 spell: Stone Arrow
  1460 | D:2      | Found a hide-covered altar of Uskayaw.
  1470 | D:2      | Noticed a +0 hand axe
  1472 | D:2      | Noticed a +0 hand axe
  1614 | D:2      | Reached XP level 4. HP: 24/24 MP: 5/8
  2066 | D:3      | Noticed Grinder
  2494 | D:3      | Found an ancient bone altar of Kikubaaqudgha.
  2831 | D:3      | Noticed Natasha
  2834 | D:3      | Killed Natasha
  2835 | D:3      | Reached skill level 1 in Conjurations
  2835 | D:3      | Reached XP level 5. HP: 28/28 MP: 5/9
  2906 | D:3      | Noticed Natasha
  2913 | D:3      | Killed Natasha
  3093 | D:3      | Noticed Natasha
  3112 | D:3      | Killed Natasha
  3113 | D:3      | Reached skill level 5 in Earth Magic
  3586 | D:2      | Killed Grinder
  3587 | D:2      | Reached XP level 6. HP: 32/32 MP: 1/11
  3828 | D:4      | Reached XP level 7. HP: 36/36 MP: 8/12
  3949 | D:4      | Found a sand-covered staircase.
  3959 | Ossuary  | Entered an ossuary
  3992 | Ossuary  | Learned a level 5 spell: Lee's Rapid Deconstruction
  4018 | Ossuary  | Reached skill level 6 in Earth Magic
  4804 | Ossuary  | Reached XP level 8. HP: 41/41 MP: 0/14
  5432 | D:4      | Upgraded the game from 0.27-a0-59-gfbafd837a3 to
                  | 0.27-a0-72-g3544c24705
  5961 | D:4      | Reached skill level 7 in Earth Magic
  6174 | D:4      | Reached skill level 5 in Spellcasting
  6312 | D:5      | Entered Level 5 of the Dungeon
  6400 | D:5      | Reached skill level 5 in Conjurations
  6790 | D:5      | Found a broken altar of Ashenzari.
  7167 | D:5      | Reached XP level 9. HP: 45/45 MP: 7/17
  7824 | D:6      | Found Wiucluwu's Antique Armour Boutique.
  7829 | D:6      | Bought a glowing robe for 107 gold pieces
  7943 | D:6      | Found Usisch's Jewellery Shoppe.
  7950 | D:6      | Found an iron altar of Okawaru.
  8198 | D:6      | Reached skill level 8 in Earth Magic
  8370 | D:6      | Found Pioss's Antique Weapon Shoppe.
  8666 | D:6      | Reached skill level 5 in Transmutations
  9744 | D:7      | Found a glowing silver altar of Zin.
  9750 | D:7      | Found a burning altar of Makhleb.
 10098 | D:7      | Found a sacrificial altar of Ru.
 10110 | D:7      | Found a staircase to the Ecumenical Temple.
 10119 | Temple   | Entered the Ecumenical Temple
 10207 | Temple   | Became a worshipper of Vehumet
 10697 | D:7      | Found a white marble altar of Elyvilon.
 11143 | D:8      | Noticed a two-headed ogre
 11443 | D:8      | Demolished by a two-headed ogre

Illustrated notes

Levels and vault maps discovered:
D:1:      psy_arrival_conway, layout_basic, minmay_tromino_v4_c
D:2:      layout_basic, dancing_weapons_uskayaw, serial_bayou_ford_a
D:3:      layout_basic, kiku_gazebo_garden_becter, uniq_grinder, uniq_natasha
D:4:      minmay_chambers_of_twos, layout_loops_ring, gup_ossuary_entry_pyramid,
          kennysheep_doodads
D:5:      layout_basic, marbit_many_paths
D:6:      layout_loops_corners, okawaru_gym_becter, serial_shops,
          nicolae_shop_trees, nicolae_shop_behind_doors, nicolae_shop_trees
D:7:      layout_loops_ring, gammafunk_temple_overflow_forgotten,
          kennysheep_mini, minmay_temple_entry_antechambers
D:8:      layout_basic, minmay_misc_feat_encased, grunt_decor_mini_mirrors,
          uniq_psyche
Temple:   jpeg_temple_clearing

Skill      XL: |  1  2  3  4  5  6  7  8  9 |
---------------+----------------------------+-----
Transmutations | 1 2 3 4 5 |  5.4
Earth Magic    | 4 5 6 7 8 |  8.7
Spellcasting   | 3 4 5 6 |  6.2
Conjurations   | 1 2 3 5 6 |  6.4
Dodging        | |  1.5
Stealth        | |  2.1

Action                   |  1- 3 |  4- 6 |  7- 9 || total
-------------------------+-------+-------+-------++-------
Melee: Short sword       |    16 |    25 |    77 ||   118
       Whip              |       |       |    48 ||    48
 Cast: Sandblast         |    47 |    36 |    62 ||   145
       Stone Arrow       |       |     7 |   117 ||   124
       Lee's Rapid Decon |       |       |    19 ||    19
  Use: Scroll            |       |     7 |     5 ||    12
       Potion            |       |     3 |     2 ||     5
Armor: Robe              |     3 |    24 |    58 ||    85
Dodge: Dodged            |    16 |    32 |    95 ||   143

Table legend: (Time is in decaauts)
 A = Elapsed time spent in this place.
 B = Non-inter-level travel time spent in this place.
 C = Inter-level travel time spent in this place.
 D = Time resting spent in this place.
 E = Time spent auto-exploring this place.
 F = Levels seen in this place.
 G = Mean time per level.
                   A        B        C        D        E       F      G
               +--------+--------+--------+--------+--------+-----+--------+
         Total |  11474 |  11237 |    237 |   3177 |   5993 |  10 | 1147.4 |
       Dungeon |  10173 |   9958 |    215 |   2226 |   5963 |   8 | 1271.6 |
        Temple |    110 |     88 |     22 |      0 |     30 |   1 |  110.0 |
       Ossuary |   1190 |   1190 |      0 |    951 |      0 |   1 | 1190.0 |
               +--------+--------+--------+--------+--------+-----+--------+

Top non-repeatable levels by time:
     D:6: 1587 daAuts
     D:7: 1507 daAuts
     D:3: 1451 daAuts
     D:5: 1450 daAuts
     D:2: 1437 daAuts
     D:4: 1272 daAuts
 Ossuary: 1190 daAuts
     D:1: 988 daAuts
     D:8: 478 daAuts
  Temple: 110 daAuts
